 Dungeon Crawl Stone Soup version 0.25-a0-513-ge77a69270c (webtiles) character file.

Game seed: 4135579806636281285, levelgen mode: deterministic

242 Error4North the Covered (level 6, -8/52 HPs)
             Began as a Hill Orc Fighter on Feb 17, 2020.
             Killed by nerve-wracking pain
             ... invoked by Grinder
              (9 damage)
             ... on level 3 of the Dungeon.
             The game lasted 00:05:03 (1730 turns).

Error4North the Covered (Hill Orc Fighter)          Turns: 1730, Time: 00:05:05

Health: -8/52      AC:  9    Str: 20 (21) XL:     6   Next: 9%
Magic:  6/6        EV: 10    Int: 12 (13) God:
Gold:   123        SH: 10    Dex: 13 (15) Spells: 5/5 levels left

rFire    . . .     SeeInvis +   a - +0 war axe
rCold    + . .     Gourm    .   c - +0 kite shield
rNeg     . . .     Faith    .   j - +0 chain mail {rC+}
rPois    .         Spirit   .   (no helmet)
rElec    .         Reflect  .   (no cloak)
rCorr    +         Harm     .   (no gloves)
MR       .....                  (no boots)
Stlth    ..........             (no amulet)
HPRegen  0.17/turn              m - ring of resist corrosion
MPRegen  0.10/turn              n - ring of see invisible

@: brilliant, agile, flying
A: no striking features
a: no special abilities


You were on level 3 of the Dungeon.
You were not hungry.

You visited 1 branch of the dungeon, and saw 3 of its levels.

You collected 123 gold pieces.

Inventory:

Hand Weapons
 a - a +0 war axe (weapon)
Missiles
 e - 6 boomerangs (quivered)
Armour
 c - a +0 kite shield (worn)
 j - a +0 chain mail of cold resistance (worn)
Jewellery
 m - a ring of resist corrosion (left hand)
 n - a ring of see invisible (right hand)
Scrolls
 d - 4 scrolls of identify {unknown}
 g - a scroll of enchant weapon {unknown}
 l - a scroll of immolation {unknown}
 o - a scroll of teleportation {unknown}
 q - a scroll of noise {unknown}
Comestibles
 b - 3 chunks of flesh
 f - 6 rations


   Skills:
 + Level 4.1 Fighting
 + Level 4.8 Axes
 + Level 0.2 Throwing
 * Level 4.9 Armour
 + Level 0.6 Dodging
 * Level 4.6 Shields


You had 5 spell levels left.
You didn't know any spells.
Your spell library was empty.

Dungeon Overview and Level Annotations

Branches:
Dungeon (3/15)

Altars:
Nemelex Xobeh

Annotations:
D:3 Grinder


Message History

You block the kobold's attack. Grinder gestures at you.
Pain shoots through your body!
* * * LOW HITPOINT WARNING * * *
You hit the kobold.
You kill the kobold!
Grinder barely misses you.
You closely miss Grinder.
Grinder is lightly wounded.
You slash the giant cockroach!
You kill the giant cockroach!
You block Grinder's attack.
You slash Grinder!
Grinder is moderately wounded.
Grinder gestures at you. Pain shoots through your body!
* * * LOW HITPOINT WARNING * * *
Grinder gestures at you. Pain shoots through your body!
You die...

#.#..#....##.#.#.#
# #.##..#.# #.#.#
#.#.....###...#
#....###...#.#.
#....# #.#)# # #
......##†..###...
.........†.......
........)........
.......@†.[..##.#
.......5.#...).%.
............#....
..........###....
..........# ...
..........# ..
..........#
#.........#


You could see Grinder.

Vanquished Creatures
  Jessica (D:3)
  Natasha (thrice) (D:2)
  2 adders (D:2)
  4 gnolls (D:2)
  2 oozes
  3 dart slugs
  2 leopard geckos (D:3)
  3 orcs (D:3)
  5 bats
  4 giant cockroaches
  5 goblins
  10 hobgoblins
  3 jackals (D:3)
  8 kobolds
  2 quokkas
  5 frilled lizards
  4 rats
66 creatures vanquished.

Notes
Turn   | Place    | Note
-------+----------+-------------------------------------------
     0 | D:1      | Error4North the Hill Orc Fighter began the quest for the
                  | Orb.
     0 | D:1      | Reached XP level 1. HP: 19/19 MP: 1/1
   132 | D:1      | Reached XP level 2. HP: 19/27 MP: 2/2
   914 | D:2      | Found a sparkling altar of Nemelex Xobeh.
   918 | D:2      | Noticed Natasha
   920 | D:2      | Reached XP level 3. HP: 29/33 MP: 3/3
   926 | D:2      | Killed Natasha
   929 | D:2      | Reached XP level 4. HP: 16/40 MP: 4/4
  1183 | D:2      | Reached XP level 5. HP: 30/46 MP: 5/5
  1309 | D:2      | Noticed Natasha
  1316 | D:2      | Killed Natasha
  1552 | D:2      | Noticed Natasha
  1562 | D:2      | Killed Natasha
  1669 | D:3      | Noticed Jessica
  1686 | D:3      | Killed Jessica
  1686 | D:3      | Reached XP level 6. HP: 50/52 MP: 6/6
  1703 | D:3      | Noticed Grinder
  1703 | D:3      | Paralysed by Grinder for 7 turns
  1730 | D:3      | HP: 1/52 [Grinder/nerve-wracking pain (6)]
  1730 | D:3      | Killed from afar by Grinder

Levels and vault maps discovered:
D:1:      sevenhm_arrival_forest_fort_large_2, layout_basic, chequers_arboretum,
          minivault_26, kennysheep_minor_cross
D:2:      layout_rooms, overflow_temple_1_default, hex_intersection,
          uniq_natasha
D:3:      layout_rooms, minmay_starry_boxes, uniq_grinder, uniq_jessica

Skill      XL: |  1  2  3  4 |
---------------+-------------+-----
Axes           | 3 4 |  4.8
Armour         | 4 |  4.9
Fighting       | 4 |  4.1
Shields        | 4 |  4.6
Throwing       | |  0.2
Dodging        | |  0.6

Action                   |  1- 3 |  4- 6 || total
-------------------------+-------+-------++-------
Melee: War axe           |    67 |    85 ||   152
Throw: Boomerang         |     2 |     4 ||     6
  Use: Potion            |       |     6 ||     6
  Eat: Chunk             |       |     3 ||     3
Armor: Scale mail        |    16 |       ||    16
       Chain mail        |    42 |    85 ||   127
Dodge: Dodged            |    20 |    25 ||    45
Block: Kite shield       |    55 |    64 ||   119

Table legend:
 A = Non-vault XP
 B = Vault XP
 C = Vault XP percentage of total XP
 D = Non-vault monster count
 E = Vault monster count
 F = Vault count percentage of total count
                 A         B        C        D         E       F
            +---------+---------+-------+---------+---------+-------
      Total |     263 |      84 |  24.2 |      60 |       6 |   9.1
            +---------+---------+-------+---------+---------+-------
        D:1 |      23 |       0 |   0.0 |      13 |       0 |   0.0
        D:2 |     203 |      35 |  14.7 |      31 |       1 |   3.1
        D:3 |      37 |      49 |  57.0 |      16 |       5 |  23.8
            +---------+---------+-------+---------+---------+-------
